 Dungeon Crawl Stone Soup version 0.26-a0-682-g294304f6e8 (webtiles) character file.

Game seed: 4194519239019758697

(classic levelgen) 7 EnegeticOcto the Shield-Bearer (level 1, 12/20 HPs)
             Began as a Deep Dwarf Fighter on Oct 20, 2020.
             Quit the game on level 1 of the Dungeon.
             The game lasted 00:00:31 (73 turns).

EnegeticOcto the Shield-Bearer (Deep Dwarf Fighter)   Turns: 73, Time: 00:00:31

Health: 12/20      AC:  6    Str: 19    XL:     1   Next: 83%
Magic:  1/1        EV:  7    Int:  8    God:
Gold:   37         SH:  9    Dex: 12    Spells: 0/0 levels left

rFire    . . .     SeeInvis .   a - +0 war axe
rCold    . . .     Faith    .   c - +0 kite shield
rNeg     . . .     Spirit   .   b - +0 scale mail
rPois    .         Reflect  .   (no helmet)
rElec    .         Harm     .   (no cloak)
rCorr    .         Rampage  .   (no gloves)
MR       .....                  (no boots)
Stlth    ..........             (no amulet)
HPRegen  0.00/turn              (no ring)
MPRegen  0.07/turn              (no ring)

@: non-regenerating
A: damage resistance, heal wounds, sense surroundings 1, no regeneration
a: Heal Wounds


You were on level 1 of the Dungeon.
You visited 1 branch of the dungeon, and saw 1 of its levels.

You collected 37 gold pieces.

Inventory:

Hand Weapons
 a - a +0 war axe (weapon)
Armour
 b - a +0 scale mail (worn)
 c - a +0 kite shield (worn)
Potions
 d - a potion of might {@q3 !q}


   Skills:
 - Level 2.6 Fighting
 + Level 2.9 Axes
 - Level 3.2 Armour
 - Level 3.2 Shields


You couldn't memorise any spells.
You didn't know any spells.
Your spell library was empty.

Dungeon Overview and Level Annotations

Branches:
Dungeon (1/15)

Altars:


Innate Abilities, Weirdness & Mutations

You are resistant to damage.
You can heal yourself by infusing magical energy.
You passively map a small area around you.
You do not regenerate.


Message History

Welcome, EnegeticOcto the Deep Dwarf Fighter.
Will you be the one to retrieve the awesome Orb of Zot from the depths?
Press ? for a list of commands and other information.
Found 8 stones.
Found a staircase leading out of the dungeon.
You open the large door.
There is a large open door here.
You open the large door.
There is a large open door here.
You enter the shallow water.
Moving in this stuff is going to be slow.
You enter the shallow water.
Moving in this stuff is going to be slow.
You open the large door.
There is a large open door here.
A rat comes into view.
Found 8 gold pieces.
The rat bites you but does no damage.
You barely miss the rat. You block the rat's attack.
You hit the rat.
You kill the rat!
A hobgoblin comes into view. It is wielding a +0 club.
The hobgoblin shouts!
You see here 8 gold pieces.
You now have 8 gold pieces.
You block the hobgoblin's attack. The hobgoblin hits you with a +0 club.
Found 16 gold pieces.
The hobgoblin hits you but does no damage.
You see here 16 gold pieces.
You now have 24 gold pieces (gained 16).
The hobgoblin closely misses you.
A goblin comes into view. It is wielding a -3 club.
The goblin shouts!
The goblin moves out of view. 2 jackals come into view.
The jackal barks! x2
You block the goblin's attack. You block the jackal's attack.
You hit the jackal but do no damage.
Your shield prevents you from hitting the goblin.
The goblin hits you but does no damage. You block the jackal's attack.
The hobgoblin hits you with a +0 club. You block the goblin's attack.
The jackal bites you but does no damage.
You closely miss the jackal. You hit the goblin.
You hit the hobgoblin but do no damage. The jackal bites you.
You block the hobgoblin's attack. The goblin closely misses you.
You hit the goblin but do no damage.
The goblin is severely wounded.
You hit the jackal. You hit the hobgoblin.
You kill the hobgoblin!
You block the jackal's attack. The goblin hits you but does no damage.
The goblin barely misses you.
You barely miss the jackal.
The jackal is almost dead.
You hit the jackal but do no damage. You hit the goblin.
You kill the goblin!
The jackal bites you but does no damage.
The jackal closely misses you. You block the jackal's attack.
The jackal bites you but does no damage.
You slash the jackal!
You kill the jackal!
You closely miss the jackal. You block the jackal's attack.
You slash the jackal!
You kill the jackal!
No target in view!
Found 2 datura-tipped darts.
You see here 2 datura-tipped darts.
Found 13 gold pieces.
A goblin comes into view. It is wielding a +0 club.
The goblin shouts!
You see here 13 gold pieces.
A kobold comes into view. It is wielding a +0 short sword.
The kobold shouts!
You see here 13 gold pieces.
You now have 37 gold pieces (gained 13).
The kobold hits you but does no damage. The kobold barely misses you.
You block the goblin's attack.
The kobold hits you with a +0 short sword.
You are too injured to fight recklessly!
You are too injured to fight recklessly!
You are too injured to fight recklessly!
You are too injured to fight recklessly!
You closely miss the goblin. You closely miss the kobold.
You block the kobold's attack. You block the goblin's attack.
You hit the goblin.
The goblin is moderately wounded.
You miss the kobold. You block the kobold's attack.
You block the goblin's attack.
The kobold hits you with a +0 short sword.
The goblin closely misses you.
Your shield and scale mail prevent you from hitting the kobold.
You hit the goblin.
You kill the goblin!
The kobold hits you but does no damage. The kobold closely misses you.
Things that are here:
a +0 club; a goblin corpse You block the kobold's attack.
Are you sure you want to abandon this character and quit the game? (Confirm with "yes".)

#........### * * , ,
+........+.# * , ,
#........#.# * ,
+........#.#
#........#.#####.#####
+........+.......#... ,
,
#........#...#####.#####
*
.......)K........(......
,
.......@#....######.####
*
,*........#............#
........#..########..#
,,
.########.........†.)# *
* #...#######)#### , * ,
#............... * ,
###..######.#### * * #.#
#.# # * * #.# #


You could see a kobold.

Vanquished Creatures
  A hobgoblin (D:1)
  2 jackals (D:1)
  2 goblins (D:1)
  A rat (D:1)
6 creatures vanquished.

Notes
Turn   | Place    | Note
-------+----------+-------------------------------------------
     0 | D:1      | EnegeticOcto the Deep Dwarf Fighter began the quest for the
                  | Orb.
     0 | D:1      | Reached XP level 1. HP: 20/20 MP: 1/1
    73 | D:1      | Quit the game

Illustrated notes

Levels and vault maps discovered:
D:1:      lightli_arrival_isolated_outpost, layout_basic

Action                   || total
-------------------------++-------
Melee: War axe           ||    11
Armor: Scale mail        ||     8
Dodge: Dodged            ||     7
Block: Kite shield       ||    16

Table legend: (Time is in decaauts)
 A = Elapsed time spent in this place.
 B = Non-inter-level travel time spent in this place.
 C = Inter-level travel time spent in this place.
 D = Time resting spent in this place.
 E = Time spent auto-exploring this place.
 F = Levels seen in this place.
 G = Mean time per level.
                   A        B        C        D        E       F      G
               +--------+--------+--------+--------+--------+-----+--------+
         Total |     78 |     78 |      0 |      0 |      0 |   1 |   78.0 |
       Dungeon |     78 |     78 |      0 |      0 |      0 |   1 |   78.0 |
               +--------+--------+--------+--------+--------+-----+--------+

Top non-repeatable levels by time:
     D:1: 78 daAuts
